AoeStats
← Element

Lombardia

507128891Analyzed
4v4 RM · 15d ago on Sep 16, 2026· 64m 32s· 8 players
Game mode
Random Map
Map size
Large (8 player)
Population
200
Speed
Normal
Resources
Standard
Victory
Conquest
Starting age
Dark Age
Ending age
Imperial Age
RankedLock teamsTeams togetherTeam positionsShared explorationLock speedFull tech treeHidden civsTurbo modeCheats
Victory
Defeat
🇦🇷 Magyars · Argentina
1354
+14
🇦🇷 Khmer · Argentina
1353
+14
🇪🇨 Franks · Ecuador
1338
+14
🇺🇸 Celts · United States
1267
+17
🇮🇹 Britons · Italy
1402
-19
🇹🇷 Britons · Türkiye
1273
-14
🇦🇷 Mongols · Argentina
1265
-13
🇩🇪 Jurchens · Germany
1263
-13
psilocybin
11:21 Feudal Age
15:24 Castle Age
13:37 Double-Bit Axe
14:32 Horse Collar
17:07 Bow Saw
18:07 Loom
18:35 Gold Mining
23:38 Pikeman
24:30 Fletching
25:43 Bodkin Arrow
27:02 Wheelbarrow
26:55 Town Watch
27:34 Stone Mining
28:39 Scale Mail Armor
28:47 Scale Barding Armor
29:11 Hand Cart
29:57 Chain Barding Armor
33:23 Imperial Age
31:31 Heavy Plow
32:14 Scale Mail Armor
33:10 Chain Mail Armor
34:02 Forging
33:39 Capped Ram
35:17 Siege Engineers
36:21 Plate Mail Armor
36:21 Furor Celtica
36:33 Conscription
37:04 Elite Woad Raider
37:34 Siege Ram
41:02 Arson
42:16 Iron Casting
42:53 Chemistry
42:05 Masonry
42:42 Gold Shaft Mining
42:29 Stronghold
42:24 Treadmill Crane
43:04 Town Patrol
43:50 Murder Holes
45:21 Blast Furnace
43:44 Halberdier
45:06 Stone Shaft Mining
45:22 Hoardings
44:43 Heavy Scorpion
49:14 Sappers
52:59 Padded Archer Armor
53:11 Masonry
53:22 Ballistics
Leobossy
6:40 Loom
8:57 Feudal Age
18:33 Castle Age
16:44 Double-Bit Axe
17:13 Gold Mining
20:19 Scale Barding Armor
21:27 Forging
24:56 Pikeman
26:24 Chain Barding Armor
27:02 Wheelbarrow
29:15 Scale Mail Armor
36:31 Imperial Age
37:10 Iron Casting
36:33 Cavalier
37:56 Fletching
43:09 Plate Barding Armor
44:15 Paladin
44:59 Husbandry
46:08 Blast Furnace
52:21 Bodkin Arrow
52:49 Ballistics
52:49 Elite Skirmisher
54:42 Chemistry
53:45 Padded Archer Armor
56:03 Light Cavalry
57:11 Hand Cart
58:06 Leather Archer Armor
57:53 Halberdier
Element
9:49 Loom
11:35 Feudal Age
15:24 Castle Age
26:53 Wheelbarrow
30:13 Scale Barding Armor
30:13 Husbandry
31:46 Fletching
34:46 Town Watch
35:17 Hand Cart
38:43 Forging
39:05 Chain Barding Armor
43:31 Imperial Age
42:18 Bloodlines
42:38 Light Cavalry
43:55 Iron Casting
43:23 Bodkin Arrow
43:51 Tusk Swords
45:05 Plate Barding Armor
44:36 Capped Ram
46:36 Blast Furnace
47:40 Conscription
48:50 Hoardings
47:37 Elite Battle Elephant
52:01 Siege Ram
56:42 Hussar
59:19 Heavy Scorpion
60:59 Bodkin Arrow
Vinci_PL
8:31 Loom
11:00 Feudal Age
12:07 Double-Bit Axe
21:57 Castle Age
24:01 Wheelbarrow
23:52 Husbandry
25:55 Bow Saw
28:27 Hand Cart
27:57 Town Watch
29:22 Fletching
30:37 Bodkin Arrow
31:25 Padded Archer Armor
33:41 Bloodlines
34:35 Thumb Ring
35:29 Horse Collar
37:17 Ballistics
43:35 Imperial Age
42:27 Leather Archer Armor
44:30 Bracer
46:56 Chemistry
47:14 Parthian Tactics
50:49 Gold Mining
50:39 Heavy Cavalry Archer
52:05 Ring Archer Armor
52:47 Recurve Bow
53:08 Conscription
56:00 Scale Barding Armor
55:16 Light Cavalry
58:35 Chain Barding Armor
GdR_Tuna
7:21 Loom
9:32 Feudal Age
10:20 Double-Bit Axe
15:24 Fletching
20:53 Castle Age
20:51 Gold Mining
20:43 Horse Collar
22:14 Bow Saw
21:26 Crossbowman
22:04 Bodkin Arrow
27:02 Wheelbarrow
29:42 Gold Shaft Mining
29:00 Stone Mining
34:24 Imperial Age
32:01 Padded Archer Armor
32:36 Hand Cart
32:07 Town Watch
32:41 Hand Cart
32:12 Town Watch
33:04 Town Patrol
33:23 Leather Archer Armor
33:34 Yeomen
33:49 Ballistics
33:40 Masonry
35:32 Conscription
36:08 Bracer
37:11 Chemistry
37:56 Scale Mail Armor
38:07 Forging
38:04 Man-at-Arms
38:46 Squires
38:33 Gambesons
38:35 Long Swordsman
40:33 Chain Mail Armor
40:29 Forging
40:14 Two-Handed Swordsman
41:22 Champion
44:57 Elite Longbowman
45:56 Pikeman
48:00 Caravan
48:46 Arson
49:39 Iron Casting
49:46 Ring Archer Armor
49:24 Siege Engineers
51:11 Halberdier
53:18 Arson
Crackhörnchen
11:49 Feudal Age
16:56 Castle Age
16:50 Double-Bit Axe
16:53 Horse Collar
17:55 Forging
17:55 Loom
20:56 Iron Casting
26:39 Bloodlines
26:31 Husbandry
34:16 Imperial Age
32:34 Wheelbarrow
31:45 Town Watch
32:29 Scale Barding Armor
35:41 Elite Steppe Lancer
37:22 Hand Cart
38:10 Blast Furnace
45:42 Chain Barding Armor
51:22 Caravan
Sr. Sam
5:40 Loom
8:14 Feudal Age
8:55 Double-Bit Axe
11:03 Horse Collar
14:56 Forging
20:21 Castle Age
18:29 Gold Mining
19:12 Scale Barding Armor
19:54 Bloodlines
21:22 Wheelbarrow
21:30 Bow Saw
22:24 Town Watch
23:27 Iron Casting
29:11 Heavy Plow
29:24 Husbandry
30:16 Town Patrol
31:03 Stone Mining
31:48 Gold Shaft Mining
33:30 Chain Barding Armor
34:34 Stone Shaft Mining
34:52 Fletching
35:42 Ballistics
35:58 Bodkin Arrow
40:35 Imperial Age
38:48 Light Cavalry
40:08 Masonry
41:36 Drill
42:18 Chemistry
40:59 Heavy Scorpion
41:12 Hussar
42:53 Conscription
46:58 Blast Furnace
47:13 Heavy Camel Rider
48:58 Caravan
49:29 Coinage
50:27 Murder Holes
50:38 Siege Engineers
52:34 Fortified Wall
hirax34
6:17 Loom
8:56 Feudal Age
9:33 Double-Bit Axe
11:51 Fletching
17:33 Padded Archer Armor
22:50 Castle Age
20:50 Horse Collar
21:06 Gold Mining
23:59 Bow Saw
24:06 Bodkin Arrow
23:33 Crossbowman
25:18 Leather Archer Armor
28:47 Ballistics
29:45 Wheelbarrow
29:13 Heavy Plow
37:06 Imperial Age
34:01 Pikeman
36:30 Gold Shaft Mining
35:46 Stone Mining
36:12 Elite Skirmisher
37:22 Hand Cart
36:58 Town Watch
37:15 Arbalester
38:54 Bracer
39:59 Ring Archer Armor
41:47 Conscription
43:05 Chemistry
42:35 Onager
55:32 Two-Man Saw
55:44 Scale Mail Armor
55:55 Forging
55:18 Halberdier
55:59 Squires
57:30 Chain Mail Armor
59:51 Plate Mail Armor
63:37 Iron Casting
65:22 Blast Furnace
Connection lost

Rejoining the realm…

Still unreachable

The connection could not be restored.

Session expired

The server has moved on; the page needs a fresh start.